 Dungeon Crawl Stone Soup version 0.18-a0-61-g51eb058 (webtiles) character file.

101914 ReteAZ the Earth Mage (level 16, -5/106 HPs)
             Began as a Gargoyle Earth Elementalist on Nov 8, 2015.
             Was the Champion of Vehumet.
             Slain by a redback (9 damage)
             ... on level 1 of the Spider Nest on Nov 9, 2015.
             The game lasted 02:54:09 (32948 turns).

ReteAZ the Earth Mage (GrEE)                       Turns: 32948, Time: 02:54:09

Health: -5/106     AC: 19    Str: 13    XL:     16   Next: 31%
Magic:  27/40      EV: 23    Int: 21    God:    Vehumet [******]
Gold:   1909       SH:  7    Dex: 23    Spells: 5 memorised, 20 levels left

rFire  . . .     SeeInvis .       - Unarmed
rCold  + + +     Clarity  .     O - +2 robe {MR+}
rNeg   + . .     SustAt   .     a - +1 buckler {rC+}
rPois  ∞         Gourm    .     (helmet restricted)
rElec  +         Spirit   .     H - +0 cloak
rCorr  .         Warding  .     y - +1 pair of gloves {Dex+3}
rMut   .         Stasis   .     (no boots)
MR     ++...                    J - amulet of Zonuint {Faith rElec rC++ Str-3 Dex+4}
Stlth  +++.......               R - ring "Jiashi" {Str+4 Dex+4}
                                h - ring of magical power

@: about to teleport, flying, studying Dodging, very resistant to hostile
enchantments, fairly stealthy
A: big wings, horns 1, negative energy resistance 1, robust 1, electricity
resistance, unbreathing, petrification resistance, rot immunity, AC +11
a: Stop Flying, Renounce Religion


You were on level 1 of the Spider Nest.
You worshipped Vehumet.
Vehumet was exalted by your worship.
You were not hungry.

You visited 4 branches of the dungeon, and saw 28 of its levels.
You visited the Abyss 1 time.
You also visited: Sewer.

You collected 2140 gold pieces.
You spent 231 gold pieces at shops.

Inventory:

Hand Weapons
 l - the +10 war axe "Rudanemm" {holy, *Rage Str+4 Int+4}
   (You found it on level 11 of the Dungeon)

   It has been blessed by the Shining One to cause great damage to the undead
   and demons.
   It affects your strength (+4).
   It affects your intelligence (+4).
   It may make you go berserk in combat.
 Y - the +10 dagger of the Dark Horse {drain, rElec}
   (You found it on level 13 of the Dungeon)

   A truly terrible weapon, it drains the life of those it strikes.
   It insulates you from electricity.
Missiles
 v - 22 stones
 N - 12 tomahawks of returning (quivered)
Armour
 a - a +1 buckler of cold resistance (worn)
 y - a +1 pair of gloves of dexterity (worn)
 H - a +0 cloak (worn)
 O - a +2 robe of magic resistance (worn)
Jewellery
 h - a ring of magical power (left hand)
 q - an uncursed ring of see invisible
 z - an uncursed amulet of rage
 E - an uncursed ring of poison resistance {unknown}
 J - the amulet of Zonuint (around neck) {Faith rElec rC++ Str-3 Dex+4}
   (You found it on level 6 of the Dungeon)

   [amulet of faith]

   It allows you to gain divine favour quickly.
   It affects your strength (-3).
   It affects your dexterity (+4).
   It greatly protects you from cold.
   It insulates you from electricity.
 M - a +3 ring of dexterity
 R - the ring "Jiashi" (right hand) {Str+4 Dex+4}
   (You found it on level 12 of the Dungeon)

   [ring of strength]

   It affects your strength (+4).
   It affects your dexterity (+4).
Wands
 k - a wand of fireball (10)
 x - a wand of random effects (21)
 C - a wand of draining (4)
 G - a wand of disintegration (11)
 Q - a wand of fireball (10)
 S - a wand of cold (7)
 W - a wand of teleportation (0)
 Z - a wand of digging (6)
Scrolls
 b - a scroll of amnesia
 e - 5 scrolls of teleportation
 i - 4 scrolls of fog
 j - a scroll of recharging
 m - 6 scrolls of enchant armour
 n - 3 scrolls of magic mapping
 B - 3 scrolls of identify
 P - 12 scrolls of remove curse
Potions
 g - 3 potions of resistance
 o - 2 potions of might
 r - a potion of heal wounds
 s - 3 potions of magic
 w - 7 potions of curing
 A - a potion of haste
Books
 c - a book of Geomancy

   Spells                             Type                      Level
   a - Sandblast                      Earth                        1
   b - Stoneskin                      Transmutation/Earth          2
   c - Passwall                       Transmutation/Earth          3
   d - Stone Arrow                    Conjuration/Earth            3
   e - Petrify                        Transmutation/Earth          4
   f - Lee's Rapid Deconstruction     Earth                        5
 D - a book of Callings

   Spells                             Type                      Level
   a - Summon Small Mammal            Summoning                    1
   b - Call Imp                       Summoning                    2
   c - Call Canine Familiar           Summoning                    3
   d - Summon Guardian Golem          Hexes/Summoning              3
   e - Summon Lightning Spire         Summoning/Air                4
   f - Summon Ice Beast               Ice/Summoning                4
 I - a manual of Dodging
 L - a book of the Tempests

   Spells                             Type                      Level
   a - Static Discharge               Conjuration/Air              3
   b - Lightning Bolt                 Conjuration/Air              5
   c - Fireball                       Conjuration/Fire             5
   d - Tornado                        Air                          9
   e - Shatter                        Earth                        9
Miscellaneous
 p - a phial of floods
Comestibles
 d - 16 bread rations {@e1}
 f - 6 fruits
 t - 11 meat rations {@e2}
 u - 3 slices of pizza
 F - a royal jelly
 K - 3 beef jerkies


   Skills:
 - Level 10.0 Fighting
 - Level 7.0 Armour
 + Level 10.9 Dodging
 - Level 2.1 Stealth
 - Level 4.0 Shields
 - Level 11.2 Unarmed Combat
 - Level 11.1 Spellcasting
 + Level 10.7 Conjurations
 - Level 1.0 Transmutations
 - Level 18.0 Earth Magic


You had 20 spell levels left.
You knew the following spells:

 Your Spells              Type           Power        Failure   Level  Hunger
a - Sandblast             Erth           ######       0%          1    None
b - Stoneskin             Trmt/Erth      ######..     1%          2    None
c - Stone Arrow           Conj/Erth      ######       1%          3    None
d - Lee's Rapid Deconstr  Erth           ######....   1%          5    ####...
e - Iron Shot             Conj/Erth      ######....   1%          6    ######.


Dungeon Overview and Level Annotations

Branches:
Dungeon (14/15)            Temple (0/1) D:4            Lair (8/8) D:10
 Shoals (0/4) Lair:5       Spider (2/4) Lair:4        Slime (0/6) Lair:8
    Orc (4/4) D:9             Elf (0/3) Orc:3        Vaults (0/5) D:14

Altars:
Cheibriados
Gozag
Kikubaaqudgha
Qazlal
Trog
Vehumet
Xom
Zin
Beogh
Jiyva

Shops:
D:7 !   Orc:3 }   Orc:4 *:?

Annotations:
D:11 Zigma's ghost, novice DrMo
Lair:5 exclusion: oklob plant


Innate Abilities, Weirdness & Mutations

You are resistant to torment.
Your stone body is resilient (AC +11).
You are immune to poison.
Your large and strong wings let you fly indefinitely.
You resist negative energy.
You are resistant to electric shocks.
You can survive without breathing.
You are immune to petrification.
You are immune to rotting.
You have a pair of small horns on your head.
You are robust (+10% HP).


Message History

Confirm with . or Enter, or press ? or * to list all spells.
Aiming: Lee's Rapid Deconstruction
Press: ? - help, Dir - move target cursor, p - redback That beam is likely to hit you.
Continue anyway?
The wall shatters!
The blast of rock fragments hits the wolf spider.
The wolf spider is heavily wounded.
The wolf spider completely misses you. The wolf spider barely misses you.
You block the wolf spider's attack. The wolf spider bites you.
The redback misses you. The wolf spider hits you!
The wolf spider bites you but does no damage.
The wolf spider hits you!
* * * LOW HITPOINT WARNING * * *
The wolf spider bites you but does no damage.
The wolf spider hits you!
* * * LOW HITPOINT WARNING * * *
The wolf spider bites you.
* * * LOW HITPOINT WARNING * * *
The redback bites you!
You die...

#...######.####.# ##.##..........
...####.....##.## #....##........
##.##...........###.....#........
##..............##.......^......
###.............#..............
#............#...............
######............#.....#........
##.###.........sss#.......####.##
.#..###.........@##......###...##
#...# #..........##...^...#...#.#
##..####.........###........#....
#...#...........# #...##.##.....
#....###........###.##..#....###
##...# ##......#^#####.....### #
##....# #^....####.#..#...## ##
#.....####...### #....###.####.
##.....##..### #....####^#...


You could see 2 wolf spiders and a redback.

Vanquished Creatures
  Kirke (Lair:6)
  A stone giant (Orc:4)
  Nessos (D:12)
  A dire elephant (Lair:8)
  A vault guard (D:14)
  A rakshasa (Abyss:1)
  Fannar (Orc:4)
  The ghost of Zigma the Grappler, a journeyman DrMo of Fedhas (D:11)
  Harold (Lair:3)
  A naga warrior (Abyss:1)
  4 ogre magi (Orc:4)
  10 hydras
  A catoblepas (Lair:8)
  4 centaur warriors
  A deep troll shaman (Lair:8)
  10 death yaks
  2 tengu warriors (D:14)
  Urug (D:11)
  A fire crab (Lair:7)
  A thrashing horror (Abyss:1)
  An unseen horror (D:13)
  2 lindwurms
  The ghost of MrRokkomies the Skirmisher, a novice FoAs (D:11)
  An orc sorcerer (Orc:4)
  4 hill giants
  6 orb spiders (Spider:1)
  An ugly thing (D:12)
  4 cyclopes
  17 elephants
  5 wolf spiders
  2 griffons
  A centaur zombie (D:8)
  Maurice (D:9)
  8 black mambas
  3 gargoyles
  Psyche (D:10)
  5 torpor snails
  An apocalypse crab (Abyss:1)
  11 spiny frogs
  6 demonic crawlers
  A fire drake (Lair:7)
  7 komodo dragons
  An efreet (D:13)
  A freezing wraith (D:10)
  2 trolls
  9 jumping spiders
  2 polar bears
  A boulder beetle (Lair:8)
  17 blink frogs
  11 two-headed ogres
  6 tarantellas
  A vampire (D:11)
  A wyvern (D:8)
  A spriggan (D:7)
  A deep elf mage (D:12)
  2 trapdoor spiders (Spider:1)
  11 redbacks
  2 hogs
  A shadow (D:11)
  2 wraiths (D:14)
  3 basilisks
  3 hungry ghosts
  Grum (D:9)
  3 hippogriffs
  42 yaks
  A neqoxec (Abyss:1)
  Menkaure (D:4)
  2 wargs
  20 water moccasins
  15 wolves
  12 porcupines
  A phantom (D:12)
  15 spiders
  3 eyes of draining
  15 orc warriors
  5 black bears
  2 sky beasts
  4 ice beasts
  16 centaurs
  11 crocodiles
  2 necrophages
  25 ogres
  A big kobold (D:8)
  16 giant frogs
  3 scorpions
  6 killer bees (D:7)
  3 electric eels
  A quasit (D:9)
  8 crimson imps
  5 centaur skeletons
  13 orc priests
  6 hounds
  7 iguanas
  5 jellies
  23 orc wizards
  9 worker ants
  16 sheep
  A hound zombie (D:9)
  A worker ant zombie (D:8)
  3 gnolls (D:4)
  65 river rats
  13 adders
  3 shadow imps
  An ooze (D:1)
  A worm (D:3)
  11 giant geckos
  122 orcs
  7 giant cockroaches
  7 goblins
  8 hobgoblins
  22 jackals
  22 kobolds
  9 ball pythons
  3 bats
  2 giant gecko skeletons
  8 giant newts
  A jackal skeleton (D:7)
  A jackal zombie (D:7)
  A quokka (D:4)
  A quokka skeleton (D:4)
  7 rats
  A fungus (Lair:7)
  A plant (Sewer)
852 creatures vanquished.

Vanquished Creatures (others)
  A griffon (Lair:7)
  An elephant (Lair:7)
  A water moccasin (Lair:6)
  A phantom (D:9)
  A crocodile (Lair:1)
  A centaur (Lair:5)
  An orc priest (D:8)
  6 river rats
  3 bushes (Lair:8)
  59 fungi
  31 plants
106 creatures vanquished.

Grand Total: 958 creatures vanquished

Notes
Turn   | Place    | Note
--------------------------------------------------------------
     0 | D:1      | ReteAZ the Gargoyle Earth Elementalist began the quest for the Orb.
     0 | D:1      | Reached XP level 1. HP: 10/10 MP: 3/3
   426 | D:1      | Reached skill level 4 in Earth Magic
   666 | D:1      | Reached XP level 2. HP: 7/15 MP: 0/5
  1025 | D:1      | Learned a level 2 spell: Stoneskin
  1237 | D:1      | Reached XP level 3. HP: 16/19 MP: 6/6
  1365 | D:1      | Reached skill level 5 in Earth Magic
  1374 | D:1      | Learned a level 3 spell: Stone Arrow
  1573 | D:2      | Reached skill level 1 in Transmutations
  2182 | D:2      | Reached XP level 4. HP: 22/24 MP: 7/7
  2244 | D:2      | Reached skill level 1 in Conjurations
  2270 | D:2      | Found a faded altar to an unknown god.
  2365 | D:3      | Found an ancient bone altar of Kikubaaqudgha.
  2450 | D:3      | Reached skill level 6 in Earth Magic
  2633 | D:3      | Found a glowing drain.
  2638 | Sewer    | Entered a sewer
  2664 | Sewer    | Reached XP level 5. HP: 26/28 MP: 0/8
  4138 | D:3      | Found an opulent altar of Gozag.
  4146 | D:3      | Found a stormy altar of Qazlal.
  4146 | D:3      | Found a radiant altar of Vehumet.
  4160 | D:3      | Found a snail-covered altar of Cheibriados.
  4185 | D:3      | Became a worshipper of Vehumet
  4745 | D:4      | Noticed Menkaure
  4814 | D:4      | Reached skill level 7 in Earth Magic
  4984 | D:4      | Found a staircase to the Ecumenical Temple.
  5052 | D:4      | Reached XP level 6. HP: 32/32 MP: 9/9
  5081 | D:4      | Killed Menkaure
  5081 | D:4      | Reached * piety under Vehumet
  5081 | D:4      | Offered knowledge of Sting by Vehumet.
  5081 | D:4      | Reached skill level 8 in Earth Magic
  5227 | D:4      | Reached skill level 9 in Earth Magic
  5227 | D:4      | Reached XP level 7. HP: 36/36 MP: 10/10
  5811 | D:5      | Entered Level 5 of the Dungeon
  5874 | D:5      | Found a glowing silver altar of Zin.
  6246 | D:5      | Reached skill level 10 in Earth Magic
  6472 | D:6      | Offered knowledge of Freeze by Vehumet.
  6537 | D:6      | Reached ** piety under Vehumet
  6558 | D:6      | Got a twitching graven amulet
  6604 | D:6      | Reached XP level 8. HP: 36/41 MP: 13/13
  6813 | D:6      | Reached skill level 5 in Spellcasting
  7139 | D:6      | Offered knowledge of Inner Flame by Vehumet.
  7157 | D:6      | Got an encrusted short sword
  7159 | D:6      | Identified the +8 short sword "Muizejev" {distort, rElec rF+} (You found it on level 6 of the Dungeon)
  7444 | D:7      | Reached *** piety under Vehumet
  7675 | D:7      | Reached XP level 9. HP: 32/45 MP: 19/20
  7759 | D:7      | Offered knowledge of Dazzling Spray by Vehumet.
  8006 | D:7      | Learned a level 5 spell: Lee's Rapid Deconstruction
  8043 | D:7      | Found Jodaango's Distillery.
  8046 | D:7      | Bought a potion of curing for 33 gold pieces
  8046 | D:7      | Bought a potion of curing for 33 gold pieces
  8046 | D:7      | Bought a potion of haste for 110 gold pieces
  8046 | D:7      | Bought a potion of heal wounds for 55 gold pieces
  8453 | D:8      | Noticed a centaur zombie
  8560 | D:8      | Reached **** piety under Vehumet
  8758 | D:8      | Reached skill level 1 in Fighting
  8758 | D:8      | Reached skill level 1 in Armour
  8928 | D:8      | Killed a centaur zombie
  8928 | D:8      | Offered knowledge of Bolt of Magma by Vehumet.
  9062 | D:8      | Reached XP level 10. HP: 54/56 MP: 10/23
  9364 | D:8      | Gained mutation: You are robust (+10% HP). [potion of mutation]
  9364 | D:8      | Gained mutation: You evolve. [potion of mutation]
  9364 | D:8      | Gained mutation: You possess an exceptional clarity of mind. [potion of mutation]
  9370 | D:8      | Identified the amulet of Zonuint {Faith rElec rC++ Str-3 Dex+4} (You found it on level 6 of the Dungeon)
  9496 | D:9      | Reached skill level 5 in Fighting
  9697 | D:9      | Noticed Grum
  9702 | D:9      | Reached skill level 11 in Earth Magic
  9751 | D:9      | Found a staircase to the Orcish Mines.
  9947 | D:9      | Killed Grum
 10044 | D:9      | Found a bloodstained altar of Trog.
 10178 | D:9      | Reached skill level 12 in Earth Magic
 10186 | D:9      | Noticed Maurice
 10426 | D:9      | Killed Maurice
 10582 | D:10     | Entered Level 10 of the Dungeon
 10671 | D:10     | Noticed Psyche
 10674 | D:10     | Killed Psyche
 10674 | D:10     | Reached skill level 13 in Earth Magic
 10762 | D:10     | Noticed a hill giant
 10778 | D:10     | Killed a hill giant
 10778 | D:10     | Reached XP level 11. HP: 69/69 MP: 19/24
 11140 | D:10     | Reached skill level 14 in Earth Magic
 11167 | D:10     | Found a staircase to the Lair.
 11468 | Lair:1   | Entered Level 1 of the Lair of Beasts
 11613 | Lair:1   | Found a shimmering altar of Xom.
 12022 | Lair:1   | Noticed a six-headed hydra
 12031 | Lair:1   | Killed a six-headed hydra
 12031 | Lair:1   | Reached skill level 15 in Earth Magic
 12125 | Lair:1   | Gained mutation: You are dopey. (Int -2) [evolution]
 12987 | Lair:2   | Reached skill level 16 in Earth Magic
 13012 | Lair:2   | Reached ***** piety under Vehumet
 13221 | Lair:2   | Reached skill level 5 in Armour
 13417 | Lair:2   | Reached XP level 12. HP: 70/77 MP: 19/25
 13624 | Lair:2   | Found a snail-covered altar of Cheibriados.
 13944 | Lair:3   | Noticed Harold
 13957 | Lair:3   | Killed Harold
 14265 | Lair:3   | Reached skill level 1 in Unarmed Combat
 14768 | Lair:4   | Offered knowledge of Spellforged Servitor by Vehumet.
 14777 | Lair:4   | Noticed a seven-headed hydra
 15059 | Lair:4   | Killed a seven-headed hydra
 15282 | Lair:4   | Gained mutation: You are agile. (Dex +2) [evolution]
 15406 | Lair:4   | Reached skill level 5 in Unarmed Combat
 15505 | Lair:4   | Noticed a five-headed hydra
 15507 | Lair:4   | Killed a five-headed hydra
 15736 | Lair:4   | Found a hole to the Spider Nest.
 16048 | Lair:4   | Lost mutation: You are agile. (Dex +2) [potion of cure mutation]
 16048 | Lair:4   | Lost mutation: You are dopey. (Int -2) [potion of cure mutation]
 16048 | Lair:4   | Lost mutation: You evolve. [potion of cure mutation]
 16048 | Lair:4   | Lost mutation: You possess an exceptional clarity of mind. [potion of cure mutation]
 16051 | Lair:4   | Identified a scroll of acquirement
 16337 | Lair:4   | Noticed a seven-headed hydra
 16492 | Lair:4   | Killed a seven-headed hydra
 16985 | Lair:5   | Reached XP level 13. HP: 83/83 MP: 25/26
 17399 | Lair:5   | Gained mutation: You have a pair of small horns on your head. [potion of beneficial mutation]
 17587 | Lair:5   | Reached skill level 10 in Unarmed Combat
 17795 | Lair:5   | Found a staircase to the Shoals.
 18029 | Lair:6   | Reached skill level 10 in Spellcasting
 18193 | Lair:6   | Upgraded the game from 0.18-a0-59-gb630132 to 0.18-a0-61-g51eb058
 18226 | Lair:6   | Offered knowledge of Iron Shot by Vehumet.
 18260 | Lair:6   | Learned a level 6 spell: Iron Shot
 19289 | Lair:7   | Noticed Kirke
 19481 | Lair:6   | Noticed a sphinx
 19976 | Lair:7   | Offered knowledge of Iskenderun's Battlesphere by Vehumet.
 20028 | Lair:7   | Reached skill level 5 in Conjurations
 20768 | Lair:7   | Gained mutation: Your large and strong wings let you fly indefinitely. [Gargoyle growth]
 20768 | Lair:7   | Reached XP level 14. HP: 71/90 MP: 11/29
 20871 | Lair:8   | Entered Level 8 of the Lair of Beasts
 21199 | Lair:8   | Found a staircase to the Slime Pits.
 21199 | Lair:8   | Found a viscous altar of Jiyva.
 21441 | Lair:8   | Reached skill level 10 in Conjurations
 21663 | Lair:8   | Got an ichor-stained quarterstaff
 21698 | Lair:8   | Identified the +8 quarterstaff of Reason {antimagic, *Rage rN++ Dex+6} (You found it on level 8 of the Lair of Beasts)
 22232 | Lair:8   | Offered knowledge of Bolt of Fire by Vehumet.
 23806 | Lair:8   | Cast into the Abyss (a distortion unwield)
 23855 | Abyss:1  | Reached skill level 5 in Dodging
 23963 | Lair:8   | Escaped the Abyss
 24020 | Lair:8   | Reached skill level 10 in Fighting
 24377 | Lair:6   | Killed Kirke
 24377 | Lair:6   | Reached XP level 15. HP: 101/101 MP: 9/30
 24546 | Lair:4   | Offered knowledge of Delayed Fireball by Vehumet.
 24773 | Orc:1    | Entered Level 1 of the Orcish Mines
 25096 | Orc:2    | Found a roughly hewn altar of Beogh.
 25751 | Orc:3    | Found Biolel's Gadget Emporium.
 25881 | Orc:3    | Offered knowledge of Orb of Destruction by Vehumet.
 25919 | Orc:3    | Found a staircase to the Elven Halls.
 26167 | Orc:4    | Entered Level 4 of the Orcish Mines
 26191 | Orc:4    | Noticed Fannar
 26264 | Orc:4    | Killed Fannar
 26809 | Orc:4    | Offered knowledge of Poison Arrow by Vehumet.
 27242 | Orc:4    | Reached skill level 10 in Dodging
 27453 | Orc:4    | Found Zoeben's Assorted Antiques.
 27453 | Orc:4    | Found Nen Jem's Weapon Shoppe.
 27453 | Orc:4    | Found Aloin's Book Shoppe.
 27453 | Orc:4    | Found Geppess's Magic Scroll Boutique.
 27860 | D:11     | Noticed Zigma's ghost (journeyman DrMo)
 27868 | D:11     | Killed Zigma's ghost
 27915 | D:11     | Noticed Urug
 27952 | D:11     | Killed Urug
 28170 | D:11     | Got a twisted war axe
 28171 | D:11     | Identified the +10 war axe "Rudanemm" {holy, *Rage Str+4 Int+4} (You found it on level 11 of the Dungeon)
 28601 | D:11     | Noticed MrRokkomies's ghost (novice FoAs)
 28632 | D:11     | Killed MrRokkomies's ghost
 28741 | D:11     | Noticed Zigma's ghost (novice DrMo)
 29179 | D:12     | Noticed Nessos
 29190 | D:12     | Killed Nessos
 29716 | D:12     | Got a scintillating silver ring
 29764 | D:12     | Reached skill level 17 in Earth Magic
 29918 | D:12     | Reached ****** piety under Vehumet
 30232 | D:13     | Got a fine dagger
 30251 | D:13     | Identified the ring "Jiashi" {Str+4 Dex+4} (You found it on level 12 of the Dungeon)
 30348 | D:13     | Identified the +10 dagger of the Dark Horse {drain, rElec} (You found it on level 13 of the Dungeon)
 30861 | D:14     | Found a gate to the Vaults.
 31049 | D:14     | Reached XP level 16. HP: 106/106 MP: 23/31
 31389 | Spider:1 | Entered Level 1 of the Spider Nest
 31451 | Spider:1 | Reached skill level 1 in Shields
 31451 | Spider:1 | Reached skill level 18 in Earth Magic
 31792 | Spider:1 | Offered knowledge of Fire Storm by Vehumet.
 31792 | Spider:1 | Offered knowledge of Glaciate by Vehumet.
 31792 | Spider:1 | Offered knowledge of Chain Lightning by Vehumet.
 32948 | Spider:1 | HP: 4/106 [wolf spider (5)]
 32948 | Spider:1 | Slain by a redback

Vault maps used:
D:1:      dpeg_arrival_orchard
D:2:      first_bread, ecumenical_altar_2
D:3:      minmay_overflow_temple_star_hex, portal_sewer_entry_e
D:4:      minmay_temple_entry_glass, uniq_menkaure
D:5:      zin_scriptorium
D:6:      kennysheep_potato
D:7:      serial_shops, kennysheep_mini_moat, the_bakery,
          hangedman_decor_clover_reticule
D:9:      nicolae_overflow_crystal_walls, erik_orc_2, water_boxes_lemuel,
          uniq_grum, uniq_maurice
D:10:     lair_0_dummy, lightli_fourway_metalbox, uniq_psyche
D:11:     minmay_tri_box, uniq_urug
D:12:     uniq_nessos
D:13:     serial_corexii_hall, corexii_hall_statues_deadend,
          corexii_hall_statues_t
D:14:     erik_vaults_2, serial_park_square1, nicolae_trove_entry_crystal,
          nicolae_benzene_ring
Lair:1:   basic_altar, grunt_forest_large_clearings
Lair:2:   kennysheep_snail_temple
Lair:3:   uniq_harold
Lair:4:   nicolae_spider_entry_tight_spaces
Lair:5:   minmay_lair_oklob_chamber, minmay_shoals_entry_centaurs,
          beast_lair_carwin_6, infiniplex_staircase_pool
Lair:6:   minmay_stone_trees_small, serial_bayou_pond_e
Lair:7:   beast_lair_carwin_1, serial_bayou_shore_b, uniq_kirke
Lair:8:   grunt_lair_end_beastmaster, slime_altar_1
Spider:2: uniq_norris
Orc:1:    nooodl_orcs_dogs
Orc:2:    mines1_david, uniq_fannar
Orc:3:    serial_shops, nicolae_shop_crystal, nicolae_orc_pool_cavern
Orc:4:    st_orc_ogre_mass
Sewer:    sewer_co_scattered_pipes

Action                   |  1- 3 |  4- 6 |  7- 9 | 10-12 | 13-15 | 16-18 || total
-------------------------+-------+-------+-------+-------+-------+-------++-------
Melee: Unarmed           |   119 |   214 |     1 |       |   386 |    69 ||   789
       Short sword       |       |       |    89 |   210 |   149 |       ||   448
Throw: Tomahawk          |       |       |       |       |     2 |     1 ||     3
 Cast: Sandblast         |    60 |    78 |    66 |    22 |    31 |       ||   257
       Stone Arrow       |     2 |    33 |    61 |   233 |   661 |    91 ||  1081
       Lee's Rapid Decon |       |       |     2 |    58 |   164 |    15 ||   239
       Iron Shot         |       |       |       |       |     3 |       ||     3
       Stoneskin         |       |       |       |       |    18 |     1 ||    19
 Abil: Fly               |       |       |       |       |     1 |       ||     1
Evoke: Wand              |       |       |       |       |     2 |     1 ||     3
       Phial of floods   |       |       |       |       |     1 |       ||     1
  Use: Scroll            |       |    12 |     3 |     9 |    15 |     3 ||    42
       Potion            |       |       |     5 |     4 |    10 |     1 ||    20
 Stab: Distracted        |     1 |       |     1 |       |     1 |       ||     3
       Sleeping          |     1 |       |     1 |     2 |     1 |       ||     5
  Eat: Chunk             |     5 |    16 |    15 |    30 |    60 |     1 ||   127
       Fruit             |       |       |       |     8 |    17 |     3 ||    28
       Beef jerky        |       |       |       |     1 |       |       ||     1
       Bread ration      |       |       |       |       |       |     1 ||     1
